Unix NetHack Version 3.7.0-73 Work-in-progress - last build Feb 17 2023 02:16:44 (48fe2e8c4a70f1d2d5b622443eb9b5bc1b8d05f7,branch:master). Game began 2023-02-23 15:30:06, ended 2023-02-23 16:11:07. Gandelf, neutral male human Monk ------------- ----- |...........| #....| --------------- |...........-############################ #|...|######..............| |....<......| ##############|...|# |..^.......>..| |............### -------------# ## |...|# #..............| |...........| ##### |C.........C|# # #|...|# #|.............| |...........| ########%##%)....C.....|# # #....|# ####|.............| ----------.-- |[..-----...|# # #-----# # -|------------- # |...|.{.|...|############# ## # |..C|{.{.C..| ###### # # |...|.{.|...| ### # # |...-----...| ## #### n |.....C.....-### # @ |C.........C| # --------------.- --.-- ------------- |..............| |.."| ############### |..............| |.""-##############%######################...............| ----- ---------------- Gandelf the Initiate St:18 Dx:14 Co:10 In:11 Wi:15 Ch:10 Neutral S:2245 Dlvl:7 $:43 HP:0(43) Pw:35(35) AC:2 Xp:6/448 T:3170 Latest messages: You begin striking monsters with your gloved hands. You kill the grid bug! The iguana bites! You hit the iguana! You kill the iguana! You find a hidden door. The door opens. You kill the grid bug! This door is locked. This door is locked. This door is locked. This door is locked. This door is locked. This door is locked. This door is locked. In what direction? j You kick the door. KABOOM!! The door was booby-trapped! You stagger... You hit the floating eye! You are frozen by the floating eye's gaze! You feel a bit steadier now. The water nymph tries to grab your hat but gives up. The water nymph pretends to be friendly. The water nymph stole a coral ring. The water nymph pretends to be friendly. The water nymph pretends to be friendly. The water nymph stole a clear potion. The water nymph stole a scroll labeled LOREM IPSUM. The water nymph stole an uncursed +1 robe. The water nymph pretends to be friendly. The water nymph pretends to be friendly. The water nymph stole a tripe ration. The water nymph stole 3 clear potions. The water nymph stole a curved wand. The water nymph stole an uncursed scroll of food detection. The water nymph zaps a curved wand! The wand misses you. The wand hits the floating eye! The floating eye is killed! The water nymph zaps a wand of striking! The wand hits you! The water nymph zaps a wand of striking! The wand hits you! The water nymph zaps a wand of striking! The wand misses you. The water nymph zaps a wand of striking! The wand hits you! You die... Do you want your possessions identified? [ynq] (y) q Inventory: Coins $ - 43 gold pieces Armor F - an uncursed +0 elven leather helm (being worn) a - an uncursed +2 pair of leather gloves (being worn) n - an uncursed +0 pair of iron shoes (being worn) r - an uncursed +1 small shield (being worn) Comestibles D - an uncursed slime mold h - 7 uncursed apples m - an uncursed cream pie g - an uncursed food ration V - 3 uncursed food rations j - 3 uncursed fortune cookies i - 5 uncursed oranges o - 2 uncursed tins of soup made from goblin meat Scrolls w - 3 uncursed scrolls of blank paper X - 2 uncursed scrolls of earth v - an uncursed scroll of enchant weapon O - an uncursed scroll of magic mapping T - an uncursed scroll of teleportation Spellbooks c - a blessed spellbook of confuse monster Potions U - an uncursed potion of sickness e - 3 uncursed potions of water C - an uncursed potion of water E - an uncursed potion of water Rings f - an uncursed +1 ring of protection Wands W - a wand of lightning (0:6) Tools G - a cursed brass lantern H - an uncursed mirror L - an uncursed tin whistle Gems/Stones k - 2 uncursed chrysoberyl stones J - 2 uncursed garnet stones I - 2 uncursed jade stones K - an uncursed worthless piece of red glass Gandelf the Monk's attributes: Background: You were an Initiate, a level 6 male human Monk. You were neutral, on a mission for Chih Sung-tzu who was opposed by Shan Lai Ching (lawful) and Huan Ti (chaotic). You were in the Dungeons of Doom, on level 7. You entered the dungeon 3170 turns ago. You had 448 experience points, 192 more were needed to attain level 7. Your score was 2245 before end-of-game adjustments. Basics: You had 0 out of 43 hit points. You had all 35 energy points (spell power). Your armor class was 2. Your wallet contained 43 zorkmids. Autopickup was on for '$?!+/=' plus thrown. Final Characteristics: Your strength was 18 (limit:18/100). Your dexterity was 14 (limit:18). Your constitution was 10 (peak:11, limit:18). Your intelligence was 11 (limit:18). Your wisdom was 15 (limit:18). Your charisma was 10 (limit:18). Final Status: You were not hungry. You were unencumbered. You were empty handed. You were skilled in martial arts. Final Attributes: You were piously aligned. You were sleep resistant. You were poison resistant. You saw invisible. You were stealthy. You were fast. You are dead (2nd time!). Miscellaneous: You never encountered a bones level. Total elapsed playing time was 41 minutes and 1 second. Major events: Turn 1: Gandelf the neutral male human Monk entered the dungeon 916: attained the rank of Novice (level 3) 2282: entered Sokoban 2478: attained the rank of Initiate (level 6) 2529: completed 1st Sokoban level 2563: averted death (killed by a dwarf king) 3170: killed by a wand, while frozen by a floating eye's gaze Vanquished creatures: a dwarf ruler a giant spider 4 Mordor orcs 2 rock moles a fog cloud a gnome leader 3 elf zombies a paper golem a giant ant 2 floating eyes a dwarf a homunculus 4 rothes a rabid rat a giant bat an orc zombie 4 dwarf zombies a wererat 4 iguanas 2 hobbits a hobgoblin 2 giant rats a cave spider a yellow mold a gecko a jackal 2 foxes a kobold 2 goblins 2 sewer rats 6 grid bugs 2 newts 59 creatures vanquished. No species were genocided or became extinct. Voluntary challenges: You followed a strict vegan diet. You read items or engraved 1 time. You never engraved Elbereth. You never genocided any monsters. You never polymorphed an object. You never changed form. You used no wishes. You did not violate any of the special Sokoban rules. Achievements: You attained the rank of Novice. You entered a shop. You entered Sokoban. You attained the rank of Initiate. The Dungeons of Doom: levels 1 to 9 Level 1: Level 2: Some fountains. Level 3: Level 4: A fountain. Level 5: A delicatessen. Level 6: A fountain, a grave. Level 7: <- You were here. Many fountains. Oracle of Delphi. Final resting place for you, killed by a wand, while frozen by a floating eye's gaze. Level 8: A fountain. Stairs up to Sokoban, level 7. Level 9: Sokoban: levels 7 up to 6 Level 6: Unsolved. Level 7: Solved. Game over: ---------- / \ / REST \ / IN \ / PEACE \ / \ | Gandelf | | 43 Au | | killed by a wand | | | | | | | | 2023 | *| * * * | * _________)/\\_//(\/(/\)/\//\/|_)_______ Goodbye Gandelf the Monk... You died in The Dungeons of Doom on dungeon level 7 with 2241 points, and 43 pieces of gold, after 3170 moves. You were level 6 with a maximum of 43 hit points when you died.